 Dungeon Crawl Stone Soup version 0.17-a0-2122-g03d97ec (webtiles) character file.

1219 septik the Basher (level 8, -8/66 HPs)
             Began as a Minotaur Berserker on Oct 21, 2015.
             Was a Priest of Trog.
             Mangled by an iguana (9 damage)
             ... on level 5 of the Dungeon.
             The game lasted 00:19:34 (4499 turns).

septik the Basher (Minotaur Berserker)              Turns: 4499, Time: 00:19:34

Health: -8/66      AC:  8    Str: 24    XL:     8   Next: 23%
Magic:  7/7        EV: 10    Int:  4    God:    Trog [***...]
Gold:   95         SH:  0    Dex: 10    Spells: 0 memorised, 7 levels left

rFire  + . .     SeeInvis .     p - +0 scythe (slice)
rCold  . . .     Clarity  .     F - +2 scale mail {rF+}
rNeg   . . .     SustAt   .     (no shield)
rPois  .         Gourm    .     (helmet restricted)
rElec  .         Spirit   .     (no cloak)
rCorr  .         Warding  .     (no gloves)
rMut   .         Stasis   .     (no boots)
MR     .....                    (no amulet)
Stlth  ..........               (no ring)
                                (no ring)

@: exhausted, slowed, very slow, not resistant to hostile enchantments,
extremely unstealthy
A: retaliatory headbutt, horns 2
a: Berserk, Trog's Hand, Burn Spellbooks, Renounce Religion


You were on level 5 of the Dungeon.
You worshipped Trog.
Trog was most pleased with you.
You were not hungry.

You visited 1 branch of the dungeon, and saw 5 of its levels.
You also visited: Ossuary.

You collected 130 gold pieces.
You spent 35 gold pieces at shops.

Inventory:

Hand Weapons
 a - a +0 mace
 h - a +3 dagger
 l - a +0 whip
 p - a +0 scythe of slicing (weapon)
 t - a +0 blowgun
 E - a +0 whip of electrocution
Missiles
 d - 45 stones (quivered)
 u - 7 throwing nets
 w - 3 poisoned needles
 y - 9 tomahawks
 D - 2 javelins
Armour
 o - a +0 chain mail
 C - a +0 ring mail of fire resistance
 F - a +2 scale mail of fire resistance (worn)
Scrolls
 j - 2 scrolls of remove curse
 m - 2 scrolls of immolation
 n - 2 scrolls of identify
 x - 2 scrolls of recharging
 z - a scroll of holy word {unknown}
 A - a scroll of blinking {unknown}
Potions
 b - a potion of agility {unknown}
 e - 5 potions of haste
 f - a potion of degeneration {unknown}
 g - a potion of lignification {unknown}
 i - 4 potions of might
 k - 5 potions of curing
 r - a potion of poison {unknown}
 v - a potion of heal wounds
 B - a potion of berserk rage {unknown}
Comestibles
 c - 3 bread rations
 q - a slice of pizza
 s - a beef jerky
 G - a chunk of flesh
 H - a royal jelly


   Skills:
 - Level 4.0 Fighting
 * Level 11.8 Maces & Flails
 - Level 2.4 Armour
 - Level 2.5 Dodging
 - Level 0.1 Stealth


You had 7 spell levels left.
You didn't know any spells.

Dungeon Overview and Level Annotations

Branches:
Dungeon (5/15)
 Temple: D:4-7

Altars:

Shops:
D:4 **(   D:5 :


Innate Abilities, Weirdness & Mutations

You reflexively headbutt those who attack you in melee.
You have a pair of horns on your head.


Message History

The ball python bites you but does no damage.
The ball python constricts you. The river rat closely misses you.
The ball python bites you but does no damage.
The ball python constricts you.
You escape the ball python's grasp.
The iguana barely misses you. You furiously retaliate!
You headbutt the iguana! The iguana bites you.
* * * LOW HITPOINT WARNING * * *
The river rat bites you.
* * * LOW HITPOINT WARNING * * *
The iguana bites you but does no damage.
The ball python bites you but does no damage.
The ball python misses you. The river rat misses you. The iguana bites you.
* * * LOW HITPOINT WARNING * * *
The ball python bites you but does no damage.
The ball python barely misses you. The river rat bites you.
* * * LOW HITPOINT WARNING * * *
The iguana bites you!
You die...

*#.....#* #.....## #......#
### #......####.##
#........#...##
#.............## **
##........r..?.### **,
*#..#.....Sl.....### **,,
#..##....wr@.......#####*,**
####....##.......##....,,,**
**#...####.......#..#***,,*
*$...#* ##......#..# *,,*
*....*** ###......#* **,,
*...,,,** ###....# **,
*,,,,,,,** ##...## *,
*,,,,,,,,*** ##...# **
*,,,,,,,,,,** #..### *


You could see a worm, an iguana, 2 river rats and a ball python.

Vanquished Creatures
  Sigmund (D:4)
  2 ice beasts
  A wasp (D:4)
  A phantom (D:4)
  An ogre (D:4)
  4 centaur zombies
  A giant frog skeleton (D:4)
  2 orc priests (D:4)
  An orc wizard (D:4)
  A worker ant (D:4)
  An iguana (D:5)
  4 big kobold zombies (Ossuary)
  4 mummies (Ossuary)
  9 adders
  A river rat (D:5)
  2 worms
  A giant gecko (D:3)
  9 orcs
  6 giant cockroaches
  6 goblins
  7 hobgoblins
  7 jackals (D:3)
  11 kobolds
  3 quokkas
  5 bats
  A giant newt (D:1)
  A gnoll zombie (D:4)
  5 hobgoblin zombies (Ossuary)
  13 rats
111 creatures vanquished.

Notes
Turn   | Place    | Note
--------------------------------------------------------------
     0 | D:1      | septik the Minotaur Berserker began the quest for the Orb.
     0 | D:1      | Reached XP level 1. HP: 19/19 MP: 0/0
   257 | D:1      | Reached skill level 4 in Maces & Flails
   257 | D:1      | Reached XP level 2. HP: 27/27 MP: 1/1
   497 | D:1      | Reached ** piety under Trog
   829 | D:2      | Reached XP level 3. HP: 33/33 MP: 2/2
   997 | D:2      | Reached skill level 5 in Maces & Flails
  1140 | D:2      | Reached XP level 4. HP: 25/40 MP: 3/3
  1886 | D:3      | Reached skill level 6 in Maces & Flails
  1957 | D:3      | Reached *** piety under Trog
  2409 | D:3      | Reached XP level 5. HP: 46/46 MP: 4/4
  2543 | D:4      | Noticed a wasp
  2555 | D:4      | Killed a wasp
  2555 | D:4      | Reached skill level 7 in Maces & Flails
  2776 | D:4      | Found a sand-covered staircase.
  2788 | Ossuary  | Entered an ossuary
  2801 | Ossuary  | Reached XP level 6. HP: 52/52 MP: 5/5
  2855 | Ossuary  | Reached skill level 8 in Maces & Flails
  3048 | Ossuary  | Reached skill level 9 in Maces & Flails
  3081 | D:4      | Noticed a phantom
  3112 | D:4      | Noticed Sigmund
  3116 | D:4      | Killed Sigmund
  3116 | D:4      | Reached XP level 7. HP: 22/59 MP: 6/6
  3134 | D:4      | Killed a phantom
  3134 | D:4      | Reached skill level 10 in Maces & Flails
  3409 | D:4      | Found Piamafar's Assorted Antiques.
  3424 | D:4      | Noticed an ogre
  3430 | D:4      | Killed an ogre
  3666 | D:4      | Found Qiridat's General Store.
  3742 | D:4      | Found Girghyedgh's Armour Shoppe.
  3746 | D:4      | Found Nobirghe's Antique Weapon Boutique.
  3904 | D:4      | Noticed an ice beast
  3911 | D:4      | Killed an ice beast
  3911 | D:4      | Reached skill level 11 in Maces & Flails
  3911 | D:4      | Reached XP level 8. HP: 54/66 MP: 7/7
  4215 | D:5      | Entered Level 5 of the Dungeon
  4279 | D:4      | Bought a scroll of magic mapping for 35 gold pieces
  4300 | D:5      | Found Vacerraoro's Book Shoppe.
  4338 | D:5      | HP: 2/66 [ice beast (9)]
  4344 | D:5      | HP: 2/66 [orc/tomahawk (1)]
  4499 | D:5      | HP: 1/66 [river rat (3)]
  4499 | D:5      | Mangled by an iguana

Vault maps used:
D:1:      roderic_crop_circles_arrival_small, minmay_three_crescents
D:2:      first_bread, hex_intersection
D:4:      enter_ossuary_3, serial_shops,
          nicolae_shop_competitors_out_of_business, shop, shop, shop,
          uniq_sigmund
D:5:      lemuel_ratsnest, okawaru_metal_pillars_3, serial_shops, shop,
          portal_sewer_entry_e, trog_butcher_becter
Ossuary:  ossuary_the_hunt_dpeg

Action                   |  1- 3 |  4- 6 |  7- 9 || total
-------------------------+-------+-------+-------++-------
Melee: Mace              |    16 |       |       ||    16
       Dagger            |    73 |    49 |       ||   122
       Whip              |       |   167 |    10 ||   177
       Scythe            |       |       |    63 ||    63
 Fire: Blowgun           |       |     5 |       ||     5
Throw: Stone             |       |     1 |       ||     1
Invok: Berserk           |       |     2 |     2 ||     4
  Use: Scroll            |       |     8 |     5 ||    13
       Potion            |       |       |     1 ||     1
 Stab: Held in net/web   |       |     1 |       ||     1
  Eat: Chunk             |       |     6 |     5 ||    11
       Meat ration       |       |     1 |       ||     1
